 Dungeon Crawl Stone Soup version 0.31-a0-654-gbe3e110b4e (webtiles) character file.

Game seed: 10755813817513980123

1248 thirtiethelement the Sneak (level 8, -3/56 HPs)
             Began as a Demonspawn Enchanter on Aug 30, 2023.
             Slain by Duvessa
             ... wielding a +0 rapier
              (15 damage)
             ... on level 5 of the Dungeon.
             The game lasted 00:12:33 (4963 turns).

thirtiethelement the Sneak (Demonspawn Enchanter)   Turns: 4963, Time: 00:12:33

Health: -3/56      AC:  7    Str: 10    XL:     8   Next: 26%
Magic:  13/13      EV: 11    Int: 16    God:
Gold:   30         SH:  4    Dex: 15    Spells: 9/14 levels left

rFire   . . .        e - +3 dagger (protect)
rCold   . . .        b - +0 buckler
rNeg    . . .        l - +0 leather armour
rPois   .            (helmet restricted)
rElec   .            w - +2 cloak {Stlth+}
rCorr   .            o - +0 pair of gloves
SInv    .            (no boots)
Will    .....        p - amulet of the acrobat
Stlth   ++++         (no ring)
HPRegen 0.29/turn    (no ring)
MPRegen 0.13/turn

%: acrobat
@: confusing by touch, weak-willed, very slightly contaminated
A: antennae 1, powered by pain 1
a: no special abilities


You were on level 5 of the Dungeon.
You visited 1 branch of the dungeon, and saw 5 of its levels.

You collected 228 gold pieces.
You spent 198 gold pieces at shops.

Inventory:

Hand Weapons
 e - a +3 dagger of protection (weapon)
Missiles
 a - 7 poisoned darts
Armour
 b - a +0 buckler (worn)
 l - a +0 leather armour (worn)
 o - a +0 pair of gloves (worn)
 w - a +2 cloak of stealth (worn)
Jewellery
 p - an amulet of the acrobat (around neck)
 q - a ring of fire
Scrolls
 g - a scroll of noise
 i - a scroll of identify
 n - a scroll of enchant weapon
 r - a scroll of teleportation {unknown}
 s - 3 scrolls of immolation {unknown}
 t - 2 scrolls of poison {unknown}
Potions
 c - 3 potions of invisibility
 d - 2 potions of degeneration {unknown}
 m - a potion of mutation {unknown}
 u - a potion of curing {unknown}
 v - 2 potions of resistance {unknown}
 x - a potion of brilliance {unknown}


   Skills:
 + Level 2.1 Fighting
 + Level 3.4 Short Blades
 + Level 2.4 Armour
 + Level 2.9 Dodging
 + Level 5.4 Stealth
 + Level 0.8 Shields
 + Level 3.7 Spellcasting
 + Level 4.9 Hexes
 + Level 2.4 Ice Magic


You had 9 spell levels left.
You knew the following spells:

 Your Spells              Type           Power      Damage    Failure   Level
a - Ensorcelled Hibernat  Hex/Ice        28%        N/A       12%         2
b - Confusing Touch       Hex            18%        N/A       14%         3

Your spell library contained the following spells:

 Spells                   Type           Power      Damage    Failure   Level
 Tukima's Dance           Hex            18%        N/A       14%         3
 Kiss of Death            Conj/Necr      12%        2d6       34%         1
 Dazzling Flash           Conj/Hex       20%        N/A       36%         3
 Dispel Undead            Necr           3%         3d7       98%         4


Dungeon Overview and Level Annotations

Branches:
Dungeon (5/15)
 Temple: D:4-7

Altars:

Shops:
D:1 [

Annotations:
D:5 1 runed translucent door, Duvessa; GauntletMafia's ghost, amateur MiBe


Innate Abilities, Weirdness & Mutations

You have a pair of small antennae on your head.
You sometimes gain a little power by taking damage.


Message History

Duvessa screams in rage.
Duvessa goes berserk!
Casting: Ensorcelled Hibernation (safe; 12% risk of failure)
Confirm with . or Enter, or press ? or * to list all spells.
You can't see any susceptible monsters within range! (Use Z to cast anyway.)
Casting: Ensorcelled Hibernation (safe; 12% risk of failure)
Confirm with . or Enter, or press ? or * to list all spells.
You miscast Confusing Touch.
You are very lightly contaminated with residual magic.
Nothing appears to happen.
Duvessa hits you with a +0 rapier!
You focus on the pain.
You feel your power returning. Duvessa hits you but does no damage.
Casting: Confusing Touch (dangerous; 14% risk of failure)
Confirm with . or Enter, or press ? or * to list all spells.
You miscast Confusing Touch.
Nothing appears to happen.
You block Duvessa's attack.
Casting: Confusing Touch (dangerous; 14% risk of failure)
Confirm with . or Enter, or press ? or * to list all spells.
Your hands begin to glow red.
Duvessa hits you with a +0 rapier! x2
You focus on the pain.
You feel your power returning.
You hit Duvessa but do no damage. Duvessa hits you but does no damage.
As you read the scroll labelled LYAFRU BAIDE, it crumbles to dust.
It is a scroll of enchant armour.
Your +1 cloak of stealth glows green for a moment.
Duvessa closely misses you.
As you read the scroll labelled MABIBAT SETHEQ, it crumbles to dust.
It is a scroll of identify.
g - a scroll of noise Duvessa hits you but does no damage.
Duvessa barely misses you.
As you read the scroll labelled ANA DEASTITS, it dissolves into smoke.
It was a scroll of fog.
Duvessa completely misses you.
As you read the scroll labelled ISCHASHRODAS, it crumbles to dust.
Magic quickly surges around you.
It was a scroll of vulnerability.
You block Duvessa's attack. Duvessa hits you with a +0 rapier!
* * * LOW HITPOINT WARNING * * *
As you read the scroll labelled JYKLACL DOTRI, it crumbles to dust.
It is a scroll of amnesia.
Okay, then.
Duvessa hits you with a +0 rapier!
You die...

#..##?.# ##...#..#...
.. #..........##.#
####..... ....#.#
#....... ......#
#..§§§.####.#.....####
##...§§§§##..#..##.....
#....§@e###.###..##..#
#..#.#§§.......).#...##
# #§§§...#.#†......#
#####..###...†....
##.##..#........#.
#...............##
#......#.#########
#.....##.#W~W~~~
##..###..+~~~~$r


You could see Duvessa (berserk, weak-willed).

Vanquished Creatures
  Pikel (D:4)
  Sigmund (D:3)
  Eustachio (D:5)
  Menkaure (D:5)
  An ogre (D:5)
  3 lemures
  Blork the orc (D:4)
  Dowan (D:5)
  Crazy Yiuf (D:5)
  2 iguanas (D:4)
  4 adders
  A worm (D:4)
  2 dart slugs
  3 orcs (D:3)
  7 endoplasms
  3 giant cockroaches
  6 goblins
  6 hobgoblins
  4 jackals
  5 quokkas
  11 ball pythons
  3 bats
  A frilled lizard (D:3)
  14 kobolds
  7 rats
90 creatures vanquished.

Notes
Turn   | Place    | Note
-------+----------+-------------------------------------------
     0 | D:1      | thirtiethelement the Demonspawn Enchanter began the quest
                  | for the Orb.
     0 | D:1      | Reached XP level 1. HP: 13/13 MP: 3/3
   117 | D:1      | Gained mutation: You sometimes gain a little power by
                  | taking damage. [demonic ancestry]
   117 | D:1      | Reached XP level 2. HP: 13/19 MP: 5/5
   120 | D:1      | Reached skill level 1 in Short Blades
   170 | D:1      | Learned a level 2 spell: Ensorcelled Hibernation
   251 | D:1      | Found a faded altar of an unknown god.
   304 | D:1      | Reached skill level 3 in Stealth
   495 | D:1      | Reached XP level 3. HP: 21/24 MP: 1/6
   623 | D:1      | Found Taalul's Armour Shoppe.
  1043 | D:2      | Learned a level 3 spell: Confusing Touch
  1360 | D:2      | Reached XP level 4. HP: 30/30 MP: 4/7
  2121 | D:3      | Noticed Sigmund
  2265 | D:3      | Killed Sigmund
  2266 | D:3      | Reached skill level 4 in Stealth
  2266 | D:3      | Reached skill level 1 in Ice Magic
  2266 | D:3      | Reached XP level 5. HP: 27/36 MP: 5/8
  2769 | D:4      | Reached skill level 1 in Fighting
  2769 | D:4      | Reached XP level 6. HP: 32/43 MP: 5/9
  3567 | D:4      | Noticed Pikel
  3595 | D:4      | Killed Pikel
  3596 | D:4      | Reached skill level 1 in Armour
  3596 | D:4      | Gained mutation: You have a pair of small antennae on your
                  | head. [demonic ancestry]
  3596 | D:4      | Reached XP level 7. HP: 5/49 MP: 0/11
  4089 | D:4      | Noticed Blork the orc
  4098 | D:4      | Killed Blork the orc
  4337 | D:5      | Entered Level 5 of the Dungeon
  4345 | D:5      | Reached skill level 5 in Stealth
  4427 | D:5      | Found a runed translucent door.
  4428 | D:5      | Noticed Crazy Yiuf
  4436 | D:5      | Killed Crazy Yiuf
  4557 | D:1      | Bought a +1 cloak of stealth for 198 gold pieces
  4668 | D:5      | Noticed Menkaure
  4844 | D:5      | Killed Menkaure
  4845 | D:5      | Reached XP level 8. HP: 44/56 MP: 9/13
  4894 | D:5      | Found a runed translucent door.
  4895 | D:5      | Noticed GauntletMafia's ghost (amateur MiBe)
  4899 | D:5      | Noticed Eustachio
  4900 | D:5      | Noticed Dowan
  4911 | D:5      | Killed Eustachio
  4952 | D:5      | Noticed Duvessa
  4954 | D:5      | Killed Dowan
  4963 | D:5      | Slain by Duvessa

Illustrated notes

Levels and vault maps discovered:
D:1:      dpeg_arrival_stonehenge_8_columns, layout_basic,
          nicolae_ecumenical_snake_handling, serial_shops,
          nicolae_shop_real_fake_doors
D:2:      layout_basic, corexii_leaking_fountain
D:3:      layout_basic, uniq_sigmund
D:4:      layout_loops_ring, minivault_11, serial_bayou_pond_c,
          kennysheep_path_1, chequers_serial_rivers_room_b, uniq_pikel,
          uniq_blork_the_orc
D:5:      layout_cave_pools, serial_shops, shop, ebering_ghost_sewer_f,
          st_stairs_1, uniq_menkaure, uniq_duvessa, uniq_ijyb, uniq_edmund,
          uniq_crazy_yiuf_cottage, uniq_eustachio

Skill      XL: |  1  2  3  4  5  6  7 |
---------------+----------------------+-----
Dodging        | 2 |  2.9
Short Blades   | 1 2 3 |  3.4
Stealth        | 3 4 5 |  5.4
Ice Magic      | 1 2 |  2.4
Fighting       | 1 2 |  2.1
Armour         | 1 2 |  2.4
Spellcasting   | 3 |  3.7
Hexes          | 4 |  4.9
Shields        | |  0.8

Action                     |  1- 3 |  4- 6 |  7- 9 || total
---------------------------+-------+-------+-------++-------
  Melee: Dagger            |   107 |   191 |    42 ||   340
   Cast: Ensorcelled Hiber |    15 |    21 |    14 ||    50
         Confusing Touch   |       |     2 |     2 ||     4
    Use: Scroll            |       |     1 |     5 ||     6
   Stab: Sleeping          |    16 |    13 |     8 ||    37
         Distracted        |       |     1 |       ||     1
         Confused          |       |     1 |     1 ||     2
 Armour: Robe              |    35 |       |       ||    35
         Leather armour    |     5 |    44 |    11 ||    60
  Dodge: Dodged            |    68 |   105 |    19 ||   192
  Block: Buckler           |       |    22 |     7 ||    29

Table legend: (Time is in decaauts)
 A = Elapsed time spent in this place.
 B = Non-inter-level travel time spent in this place.
 C = Inter-level travel time spent in this place.
 D = Time resting spent in this place.
 E = Time spent auto-exploring this place.
 F = Levels seen in this place.
 G = Mean time per level.
                   A        B        C        D        E       F      G
               +--------+--------+--------+--------+--------+-----+--------+
         Total |   4951 |   4647 |    304 |    826 |   2697 |   5 |  990.2 |
       Dungeon |   4951 |   4647 |    304 |    826 |   2697 |   5 |  990.2 |
               +--------+--------+--------+--------+--------+-----+--------+

Top non-repeatable levels by time:
     D:3: 1507 daAuts
     D:4: 1250 daAuts
     D:2: 1089 daAuts
     D:1: 788 daAuts
     D:5: 314 daAuts
